 Seeded DCSS version 0.30-a0-881-g1ff12e1e11 (webtiles) character file.

Game seed: 69 (custom seed)

13 Mogus the Poker (level 2, 0/24 HPs)
             Began as a Human Berserker on Mar 14, 2023.
             Was a Follower of Trog.
             Slain by an adder (3 damage)
             ... on level 2 of the Dungeon.
             The game lasted 00:02:48 (436 turns).

Mogus the Poker (Human Berserker)                    Turns: 436, Time: 00:02:49

Health: 0/24       AC:  2    Str: 17    XL:     2   Next: 50%
Magic:  2/2        EV: 12    Int:  7    God:    Trog [*.....]
Gold:   13         SH:  0    Dex: 12    Spells: 1/1 levels left

rFire   . . .      SeeInvis .    a - +0 spear
rCold   . . .      Faith    .    (no shield)
rNeg    . . .      Spirit   .    b - +0 animal skin
rPois   .          Reflect  .    (no helmet)
rElec   .          Rampage  .    (no cloak)
rCorr   .                        (no gloves)
Will    .....                    (no boots)
Stlth   +                        (no amulet)
HPRegen 0.24/turn                (no ring)
MPRegen 0.08/turn                (no ring)

@: no status effects
A: no striking features
a: Renounce Religion, Berserk


You were on level 2 of the Dungeon.
You worshipped Trog.
Trog was aware of your devotion.
You visited 1 branch of the dungeon, and saw 2 of its levels.

You collected 13 gold pieces.

Inventory:

Hand Weapons
 a - a +0 spear (weapon)
Missiles
 e - 2 poisoned darts (quivered)
 f - 5 stones
Armour
 b - a +0 animal skin (worn)
Scrolls
 c - 2 scrolls of poison {unknown}
 h - a scroll of amnesia {unknown}
 i - a scroll of teleportation {unknown}
 j - 2 scrolls of noise {unknown}
Potions
 d - a potion of might {unknown}
 g - a potion of flight {unknown}


   Skills:
 + Level 3.2 Fighting
 + Level 3.3 Polearms
 + Level 2.0 Armour
 + Level 2.1 Dodging


You had one spell level left.
You didn't know any spells.
Your spell library was empty.

Dungeon Overview and Level Annotations

Branches:
Dungeon (2/15)

Altars:


Message History

The jackal is moderately wounded.
The jackal bites you.
* * * LOW HITPOINT WARNING * * *
The jackal barely misses you. The jackal barely misses you.
The jackal attacks as you move away! The jackal barely misses you.
The jackal barely misses you. The jackal attacks as you move away!
The jackal bites you but does no damage.
The jackal attacks as you move away!
The jackal bites you but does no damage.
The jackal barely misses you. The jackal attacks as you move away!
The jackal barely misses you. The jackal barely misses you.
The jackal attacks as you move away! The jackal completely misses you.
The jackal misses you. The jackal attacks as you move away!
The jackal misses you. x2
The jackal bites you.
* * * LOW HITPOINT WARNING * * *
The jackal attacks as you move away! The jackal bites you.
* * * LOW HITPOINT WARNING * * *
The jackal closely misses you. The jackal attacks as you move away!
The jackal bites you.
* * * LOW HITPOINT WARNING * * *
A hobgoblin comes into view.
The hobgoblin shouts!
An adder comes into view.
The adder hisses angrily.
The jackal attacks as you move away!
The jackal bites you but does no damage. x2
The hobgoblin barely misses you.
You hit the hobgoblin.
The hobgoblin is almost dead.
The jackal barely misses you. The hobgoblin closely misses you.
The adder bites you.
* * * LOW HITPOINT WARNING * * *
The jackal attacks as you move away!
The jackal bites you but does no damage.
The adder attacks as you move away! The adder bites you.
You die...

#.# #.# #.#
#.# ##.##
##.h.##
##.....####
#..hh.....#
#..h@..##...
#.#Sg.## ##
#.##.## #.
#.# ..# ##
#.. #.. ##.
#.# # .
##.## #
##...###


You could see an adder, 4 jackals and a hobgoblin.

Vanquished Creatures
  3 bats (D:1)
  An endoplasm (D:1)
  A hobgoblin (D:2)
  A kobold (D:2)
  3 quokkas
  A goblin (D:2)
10 creatures vanquished.

Notes
Turn   | Place    | Note
-------+----------+-------------------------------------------
     0 | D:1      | Mogus the Human Berserker began the quest for the Orb.
     0 | D:1      | Reached XP level 1. HP: 18/18 MP: 1/1
   225 | D:1      | Reached XP level 2. HP: 24/24 MP: 2/2
   436 | D:2      | Slain by an adder

Illustrated notes

Levels and vault maps discovered:
D:1:      minmay_arrival_nine_rooms, layout_basic,
          dreamdust_ecumenical_altar_sealed_demon
D:2:      layout_loops_ring, minivault_11, uniq_jessica

Action                     || total
---------------------------++-------
  Melee: Spear             ||    50
 Armour: Animal skin       ||    18
  Dodge: Dodged            ||    61

Table legend: (Time is in decaauts)
 A = Elapsed time spent in this place.
 B = Non-inter-level travel time spent in this place.
 C = Inter-level travel time spent in this place.
 D = Time resting spent in this place.
 E = Time spent auto-exploring this place.
 F = Levels seen in this place.
 G = Mean time per level.
                   A        B        C        D        E       F      G
               +--------+--------+--------+--------+--------+-----+--------+
         Total |    432 |    430 |      2 |      0 |      0 |   2 |  216.0 |
       Dungeon |    432 |    430 |      2 |      0 |      0 |   2 |  216.0 |
               +--------+--------+--------+--------+--------+-----+--------+

Top non-repeatable levels by time:
     D:1: 345 daAuts
     D:2: 87 daAuts
